 Dungeon Crawl Stone Soup version 0.29.1-4-g47bece8355 (webtiles) character file.

Game seed: 2513704382128674375

4185 swoooce the Grappler (level 10, 0/100 HPs)
             Began as a Troll Fighter on Dec 10, 2022.
             Was a Priest of Makhleb.
             Slain by an orc warrior
             ... wielding a +0 battleaxe of venom
              (23 damage)
             ... on level 8 of the Dungeon.
             The game lasted 00:26:14 (7047 turns).

swoooce the Grappler (Troll Fighter)                Turns: 7047, Time: 00:26:15

Health: 0/100      AC:  5    Str: 26    XL:     10   Next: 8%
Magic:  0/9        EV:  9    Int:  6    God:    Makhleb [***...]
Gold:   454        SH:  9    Dex: 11    Spells: 9/9 levels left

rFire   + . .      SeeInvis .     - Unarmed
rCold   . . .      Faith    .   b - +0 kite shield
rNeg    . . .      Spirit   +   (body armour restricted)
rPois   .          Reflect  .   (helmet restricted)
rElec   .          Harm     .   n - +2 cloak
rCorr   .          Rampage  .   (gloves unavailable)
Will    .....                   (boots unavailable)
Stlth   +.........              p - amulet of guardian spirit
HPRegen 1.06/turn               i - ring of protection from fire
MPRegen 0.11/turn               B - ring of wizardry

@: lethally poisoned (0 -> -26), about to teleport
A: large, unfitting armour, claws 3, regeneration 1, shaggy fur 1, tough skin 1
a: Renounce Religion, Minor Destruction, Lesser Servant of Makhleb


You were on level 8 of the Dungeon.
You worshipped Makhleb.
Makhleb was most pleased with you.
You visited 2 branches of the dungeon, and saw 9 of its levels.
You also visited: Sewer.

You collected 454 gold pieces.

Inventory:

Missiles
 e - 56 stones (quivered)
Armour
 b - a +0 kite shield (worn)
 n - a +2 cloak (worn)
Jewellery
 i - a ring of protection from fire (left claw)
 p - an amulet of guardian spirit (around neck)
 B - a ring of wizardry (right claw)
 F - a ring of ice
Wands
 l - a wand of charming (16)
 r - a wand of quicksilver (4)
 u - a wand of mindburst (9)
 C - a wand of roots (8)
Scrolls
 a - 3 scrolls of enchant armour {unknown}
 d - a scroll of fog
 f - a scroll of amnesia {unknown}
 h - 6 scrolls of teleportation
 o - a scroll of identify
 q - a scroll of blinking {unknown}
 s - 2 scrolls of summoning {unknown}
 t - a scroll of torment {unknown}
 v - a scroll of magic mapping {unknown}
 y - a scroll of brand weapon {unknown}
Potions
 c - 2 potions of invisibility {unknown}
 g - 2 potions of curing
 j - 2 potions of degeneration {unknown}
 k - a potion of flight
 m - 3 potions of attraction
 w - 2 potions of lignification {unknown}
 x - a potion of resistance {unknown}
 z - 2 potions of haste
 A - a potion of might
 D - a potion of heal wounds {unknown}
 E - a potion of ambrosia {unknown}


   Skills:
 + Level 6.6 Fighting
 - Level 2.4 Dodging
 + Level 7.2 Shields
 * Level 10.6 Unarmed Combat


You had 9 spell levels left.
You didn't know any spells.
Your spell library contained the following spells:

 Spells                   Type           Power      Damage    Failure   Level
 Freeze                   Ice            0%         1d3       38%         1
 Sandblast                Erth           0%         2d4       38%         1
 Shock                    Conj/Air       0%         1d3       38%         1
 Summon Small Mammal      Summ           0%         N/A       38%         1
 Passwall                 Tmut/Erth      0%         N/A       50%         2
 Call Canine Familiar     Summ           0%         N/A       73%         3
 Frozen Ramparts          Ice            0%         1d1       73%         3
 Gell's Gravitas          Tloc           0%         N/A       73%         3
 Ignite Poison            Fire/Tmut/Pois 0%         N/A       73%         3
 Lesser Beckoning         Tloc           0%         N/A       73%         3
 Mephitic Cloud           Conj/Pois/Air  0%         N/A       73%         3
 Stone Arrow              Conj/Erth      0%         3d7       73%         3
 Summon Guardian Golem    Hex/Summ       0%         N/A       73%         3
 Swiftness                Air            0%         N/A       73%         3
 Teleport Other           Tloc           0%         N/A       73%         3
 Airstrike                Air            0%         2d(0-16)  98%         4
 Animate Armour           Summ/Erth      0%         N/A       98%         4
 Hailstorm                Conj/Ice       0%         3d3       98%         4
 Freezing Cloud           Conj/Ice/Air   0%         6-21      100%        5
 Lehudib's Crystal Spear  Conj/Erth      0%         10d2      100%        8


Dungeon Overview and Level Annotations

Branches:
Dungeon (8/15)             Temple (1/1) D:5           Sewer (visited)
   Lair: D:8-11

Altars:
Ashenzari
Cheibriados
Elyvilon
Hepliaklqana
Makhleb
Okawaru
Ru
Trog
Wu Jian
Yredelemnul
Zin
The Shining One


Innate Abilities, Weirdness & Mutations

You are too large for most types of armour.
You have claws for hands.
Your natural rate of healing is unusually fast.
You are covered in fur. (AC +1)
You have tough skin. (AC +1)


Message History

You block the orc warrior's attack.
You scratch the orc warrior.
The orc warrior is moderately wounded.
The orc warrior hits you with a +0 battleaxe of venom!
You are poisoned.
A gnoll comes into view. It is wielding a +0 spear.
You claw the orc warrior!
The orc warrior is severely wounded.
You feel very sick. You block the orc warrior's attack.
The gnoll bouda barks out a call to the hunt!
The gnoll picks up the pace!
You barely miss the orc warrior.
The orc warrior is severely wounded.
You feel sick. You block the orc wizard's attack.
The orc warrior hits you with a +0 battleaxe of venom!!
You are more poisoned.
A gnoll comes into view. It is wielding a +0 flail.
You closely miss the orc warrior.
The orc warrior is severely wounded.
You feel very sick.
The orc warrior hits you with a +0 battleaxe of venom!!
You are lethally poisoned!
The orc wizard closely misses you.
A gnoll comes into view. It is wielding a +0 whip.
The gnoll shouts!
You are too injured to fight recklessly!
You are too injured to fight recklessly!
As you read the scroll of teleportation, it crumbles to dust.
You feel strangely unstable.
You feel extremely sick.
The orc wizard hits you but does no damage.
The orc warrior closely misses you.
You scratch the orc warrior.
The orc warrior is almost dead.
* * * LOW HITPOINT WARNING * * *
You feel extremely sick.
The orc wizard hits you with a +0 dagger.
The orc warrior hits you with a +0 battleaxe of venom!!
You die...

.........#.....................
.....###.##.#.#.............##[
....# #.##.#.####.#...#.###)<[
....###......# #.#...#.# #.#[
#......###)### #.#...#.# #.##
#.####.###.######.#...#.# #.#
####.#........##.).......#.#
#..
.......##.######)###.......#
#### .###.####.# #@# #########
.# #... .....?.oo# .#
#######.#####o# .# .# #g# .# .#
.g. .# .. .g# ## #.# ..#


You could see an orc warrior, a gnoll bouda, an orc wizard, 2 gnolls and an orc.

Vanquished Creatures
  The ghost of GigaChad the Protected, a novice MiFi of Lugonu (D:6)
  The ghost of lotum the Chopper, a novice DsGl (D:6)
  Sigmund (D:3)
  Menkaure (D:4)
  A water moccasin (D:5)
  Pargi (D:3)
  2 ice beasts
  A centaur (D:7)
  A phantom (D:6)
  A kobold brigand (Sewer)
  2 bullfrogs
  2 necrophages
  3 scorpions
  10 wights
  8 killer bees
  2 howler monkeys (D:7)
  4 centaur zombies (D:7)
  2 bullfrog zombies (D:7)
  A gnoll bouda (D:8)
  4 hounds (D:5)
  Crazy Yiuf (D:3)
  Ijyb (D:4)
  An iguana (D:5)
  5 orc wizards
  5 killer bee zombies (D:7)
  Robin (D:2)
  3 howler monkey zombies (D:7)
  6 gnolls
  15 adders
  3 river rats (Sewer)
  4 white imps
  4 worms (Sewer)
  3 dart slugs
  12 orcs
  7 ball pythons
  6 bats
  6 endoplasms
  6 giant cockroaches
  16 goblins
  12 hobgoblins
  4 jackals (D:1)
  11 kobolds
  4 quokkas
  2 frilled lizards
  5 rats
192 creatures vanquished.

Vanquished Creatures (others)
  2 fungi (D:3)
  A plant (D:2)
3 creatures vanquished.

Grand Total: 195 creatures vanquished

Notes
Turn   | Place    | Note
-------+----------+-------------------------------------------
     0 | D:1      | swoooce the Troll Fighter began the quest for the Orb.
     0 | D:1      | Reached XP level 1. HP: 22/22 MP: 0/0
   192 | D:1      | Reached XP level 2. HP: 29/29 MP: 1/1
   386 | D:1      | Reached XP level 3. HP: 34/36 MP: 2/2
   672 | D:1      | Reached skill level 3 in Unarmed Combat
  1018 | D:2      | You fall into a shaft and drop 2 floors!
  1102 | D:4      | Noticed Menkaure
  1124 | D:4      | Killed Menkaure
  1125 | D:4      | Reached skill level 4 in Unarmed Combat
  1125 | D:4      | Reached XP level 4. HP: 21/45 MP: 3/3
  1125 | D:4      | Reached XP level 5. HP: 25/53 MP: 4/4
  1201 | D:3      | Noticed Pargi
  1262 | D:3      | Killed Pargi
  1263 | D:3      | Reached XP level 6. HP: 35/61 MP: 5/5
  1345 | D:3      | Reached skill level 5 in Unarmed Combat
  1737 | D:4      | Noticed Ijyb
  1898 | D:3      | Noticed Sigmund
  1919 | D:3      | Killed Sigmund
  1920 | D:3      | Reached XP level 7. HP: 56/68 MP: 6/6
  2035 | D:3      | Identified the +3 sling of Mourning {flame, rPois rC+
                  | Str+8}
  2370 | D:3      | Found a runed translucent door.
  2371 | D:3      | Noticed Crazy Yiuf
  2385 | D:3      | Killed Crazy Yiuf
  2812 | D:2      | Noticed Robin
  2819 | D:2      | Killed Robin
  2986 | D:2      | Found a faded altar of an unknown god.
  3126 | D:4      | Killed Ijyb
  3127 | D:4      | Reached skill level 6 in Unarmed Combat
  3552 | D:5      | Entered Level 5 of the Dungeon
  3790 | D:5      | Found a staircase to the Ecumenical Temple.
  3855 | Temple   | Entered the Ecumenical Temple
  3930 | Temple   | Became a worshipper of Makhleb the Destroyer
  4264 | D:6      | Reached skill level 5 in Shields
  4264 | D:6      | Reached XP level 8. HP: 49/79 MP: 7/7
  4273 | D:6      | Reached skill level 7 in Unarmed Combat
  4444 | D:6      | Found a runed translucent gate.
  4444 | D:6      | Found a runed translucent gate.
  4445 | D:6      | Found a runed translucent gate.
  4446 | D:6      | Noticed GigaChad's ghost (novice MiFi)
  4447 | D:6      | Noticed lotum's ghost (novice DsGl)
  4500 | D:6      | Found a glowing drain.
  4529 | Sewer    | Entered a sewer
  4705 | Sewer    | Reached * piety under Makhleb
  5047 | D:6      | Reached skill level 5 in Fighting
  5346 | D:6      | Reached skill level 8 in Unarmed Combat
  5861 | D:8      | Reached XP level 9. HP: 52/88 MP: 4/8
  5867 | D:8      | Reached ** piety under Makhleb
  6034 | D:7      | Reached skill level 9 in Unarmed Combat
  6585 | D:7      | Reached *** piety under Makhleb
  6759 | D:6      | Killed GigaChad's ghost
  6760 | D:6      | Reached skill level 10 in Unarmed Combat
  6764 | D:6      | Killed lotum's ghost
  6879 | D:8      | Reached XP level 10. HP: 100/100 MP: 9/9
  7047 | D:8      | Slain by an orc warrior

Illustrated notes

Levels and vault maps discovered:
D:1:      dpeg_arrival_rooms_with_view, layout_basic
D:2:      layout_basic, shapermc_ecumenical_altar_mp_urbaneastern,
          minmay_misc_feat_secret_circle, uniq_robin
D:3:      layout_basic, uniq_crazy_yiuf_cottage, uniq_pargi, uniq_sigmund
D:4:      nicolae_cairo_tiling, layout_loops_ring, minmay_fractal_squares_5,
          uniq_menkaure, uniq_ijyb
D:5:      layout_cave_pools, minmay_temple_entry_nine_rooms
D:6:      layout_basic, gup_sewer_entry_pipe, gammafunk_ghost_cemetery,
          minmay_misc_feat_chi
D:7:      layout_basic, serial_undead, serial_undead_e, serial_undead_a,
          serial_undead_a, serial_undead_a, serial_undead_f, serial_undead_c,
          enter_bailey_4
D:8:      layout_loops_cross, minivault_10, minmay_misc_feat_tower
Temple:   nicolae_temple_bog_church

Skill      XL: |  1  2  3  4  5  6  7  8  9 |
---------------+----------------------------+-----
Shields        | 3 4 5 6 7 |  7.2
Unarmed Combat | 4 5 6 8 10 | 10.6
Fighting       | 3 4 5 6 |  6.6
Dodging        | |  2.4

Action                   |  1- 3 |  4- 6 |  7- 9 | 10-12 || total
-------------------------+-------+-------+-------+-------++-------
Melee: Unarmed           |    82 |    68 |   418 |    48 ||   616
Throw: Stone             |       |       |     1 |       ||     1
Evoke: Wand              |       |       |     1 |       ||     1
  Use: Potion            |     2 |       |     2 |       ||     4
       Scroll            |       |       |     6 |     1 ||     7
 Stab: Sleeping          |     2 |       |       |       ||     2
Armor: Robe              |    26 |    25 |     4 |       ||    55
       Skin              |       |       |   108 |     4 ||   112
Dodge: Dodged            |    24 |    25 |   171 |    17 ||   237
Block: Kite shield       |    14 |    34 |   189 |    23 ||   260
